Cogmind - Beta 12 @@@ ROGUE MODE // 2023.03.12 @ 15:38:23 Player: Finestep Result: Self-destructed Performance ------------- Evolutions (5) 2500 Regions Visited (14) 2800 Robots Destroyed (109) 545 Value Destroyed (2302) 2302 Prototype IDs (35) 700 Alien Tech Used (0) 0 Bonus (-536) -536 TOTAL SCORE: 8311 Bonus ------- High Alert Combat Kills 73 Follower Combat Kills 39 Aligned with FarCom 300 Met Imprinter 300 Friendly Fire -1248 Cogmind --------- Core Integrity 485/1000 Matter 227/300 Energy 14/100 System Corruption 14% Temperature Cool (12) Movement Rolling (80) Location -5/Factory Parts ------- > --- POWER (1) -------- (None) > --- PROPULSION (5) --- Wheel Cooled VTOL Module Cooled VTOL Module Cooled VTOL Module > --- UTILITY (9) ------ Improved Signal Interpreter Improved Terrain Scan Processor Improved Melee Analysis Suite Makeshift Hacking Suite > --- WEAPON (2) ------- Makeshift Spear > --- INVENTORY (5) ---- Improved Transmission Jammer Advanced ECM Suite Improved Propulsion Shielding Hardened Medium Armor Plating Heavy Phase Cannon Peak State ------------ > --- POWER ------------ Micro Fission Core > --- PROPULSION ------- Cooled VTOL Module Cooled VTOL Module Cooled Cesium-ion Thruster Nuclear Pulse Array > --- UTILITY ---------- Small Storage Unit Experimental Sensor Array Improved Signal Interpreter Advanced Terrain Scanner Improved Terrain Scan Processor Improved Melee Analysis Suite Hardened Medium Armor Plating Makeshift Hacking Suite Makeshift Hacking Suite > --- WEAPON ----------- Heavy Phase Cannon Makeshift Spear > --- INVENTORY -------- Cooled VTOL Module Cooled Cesium-ion Thruster Improved Transmission Jammer Advanced ECM Suite Improved Propulsion Shielding Mobile Refinery Mk. CCLXVII Heavy Rocket Launcher [Rating: 83] Favorites ----------- Power Ion Engine Engine Ion Engine Power Core Micro Nuclear Core Propulsion Light Treads Treads Light Treads Leg Aluminum Leg Wheel Wheel Flight Unit Cooled VTOL Module Utility Makeshift Hacking Suite Device Experimental Sensor Array Storage Large Storage Unit Processor Improved Signal Interpreter Hackware Makeshift Hacking Suite Protection Improved Propulsion Shielding Weapon Assault Rifle Energy Gun Shock Rifle Energy Cannon Heavy Plasma Cannon Ballistic Gun Assault Rifle Launcher Heavy Rocket Launcher Special Weapon Mining Laser Slashing Weapon Makeshift Sword Piercing Weapon Makeshift Spear Special Melee Weapon Improved Datajack Build | -11 -10 -10 -10 -9 -8 -7 -7 -7 -7 -6 -6 -6 -6 -5 ------- Run | Jun Mat Min Exi Min Mat Fac Low Low Zio Pro Fac Low Low Fac Slots Evolved 10 | . . . . . 4 2 . . . . 2 . . 2 Power . | . . . . . . . . . . . . . . . Propulsion 3 | . . . . . 1 . . . . . 1 . . 1 Utility 7 | . . . . . 3 2 . . . . 1 . . 1 Weapon . | . . . . . . . . . . . . . . . Parts Attached 216 | 7 11 5 . 3 57 24 9 7 8 14 29 13 3 26 Power 14 | 1 . . . . 5 4 1 1 1 . . . . 1 Engine 5 | 1 . . . . 1 2 . 1 . . . . . . Core 9 | . . . . . 4 2 1 . 1 . . . . 1 Reactor . | . . . . . . . . . . . . . . . Propulsion 45 | 2 5 2 . . 11 8 . . 2 . 6 1 . 8 Treads 15 | . 2 2 . . 11 . . . . . . . . . Leg 4 | 2 2 . . . . . . . . . . . . . Wheel 1 | . . . . . . . . . . . . . . 1 Hover . | . . . . . . . . . . . . . . . Flight 25 | . 1 . . . . 8 . . 2 . 6 1 . 7 Utility 69 | 2 2 2 . . 18 9 4 . 3 . 12 4 2 11 Device 24 | 1 . . . . 7 1 2 . 1 . 4 2 2 4 Storage 8 | 1 2 1 . . 1 1 . . . . 1 . . 1 Processor 11 | . . 1 . . 3 2 1 . . . 1 . . 3 Hackware 4 | . . . . . . 1 . . 2 . 1 . . . Protection 22 | . . . . . 7 4 1 . . . 5 2 . 3 Artifact . | . . . . . . . . . . . . . . . Weapon 88 | 2 4 1 . 3 23 3 4 6 2 14 11 8 1 6 Energy Gun 9 | 1 1 . . . 7 . . . . . . . . . Energy Cannon 25 | . . . . . . . 2 6 . 6 3 4 1 3 Ballistic Gun 21 | 1 3 1 . 3 13 . . . . . . . . . Ballistic Cannon . | . . . . . . . . . . . . . . . Launcher 8 | . . . . . 2 . . . . 1 1 2 . 2 Special Weapon 1 | . . . . . 1 . . . . . . . . . Impact Weapon . | . . . . . . . . . . . . . . . Slashing Weapon 8 | . . . . . . 2 2 . 1 . 3 . . . Piercing Weapon 15 | . . . . . . . . . 1 7 4 2 . 1 Special Melee Weapon 1 | . . . . . . 1 . . . . . . . . Unidentified Prototypes 6 | . 1 . . . 1 3 . . 1 . . . . . Corrupted Parts 4 | . . . . . 4 . . . . . . . . . System Corruption 15 | . . . . . 15 . . . . . . . . . Parts Lost 24 | . . . . . 12 . . . . . . 2 . 10 Power 4 | . . . . . 3 . . . . . . . . 1 Propulsion 6 | . . . . . 3 . . . . . . . . 3 Utility 10 | . . . . . 4 . . . . . . 1 . 5 Weapon 4 | . . . . . 2 . . . . . . 1 . 1 Highest Loss Streak 9 | . . . . . 5 . . . . . . 2 . 9 To Critical Strikes . | . . . . . . . . . . . . . . . Average Slot Usage (%) 96 | . 99 100 100 100 95 96 92 94 91 100 98 88 93 88 Engine 6 | . 14 14 14 14 4 1 . 6 5 . . . . . Core 3 | . . . . . 3 5 7 . 1 7 6 6 6 4 Treads 14 | . 22 28 28 28 25 7 . . . . . . . . Flight 10 | . . . . . . 15 23 23 23 23 26 26 26 23 Device 9 | . 14 2 . . 14 11 9 15 13 7 6 6 13 9 Storage 7 | . 14 16 14 14 9 2 . . . . 2 6 6 5 Processor 10 | . . 8 14 14 8 17 20 15 14 7 12 6 6 13 Hackware 6 | . . . . . . 6 7 7 7 23 20 20 20 15 Protection 7 | . . . . . 10 11 14 15 15 15 8 6 6 5 Ballistic Gun 11 | . 24 28 28 28 14 5 . . . . . . . . Slashing Weapon 1 | . . . . . . 4 7 7 7 7 4 . . . Piercing Weapon 1 | . . . . . . . . . . 6 5 4 6 5 Naked Turns . | . . . . . . . . . . . . . . . Heaviest Build 69 | 14 30 32 29 29 69 63 17 25 17 25 30 29 24 30 Greatest Support 66 | 20 40 40 40 40 66 66 18 16 19 19 24 23 23 31 Greatest Overweight (x) 4 | 4 1 . . . 4 1 1 1 . 1 1 1 1 . Average Overweight (x) . | . . . . . . . . . . . . . . . Largest Inventory Capacity 20 | 8 15 15 15 15 20 20 5 5 5 5 10 10 10 10 Average Capacity 12 | 7 10 15 15 15 19 10 5 5 5 5 7 10 10 8 Most Carried 20 | 5 15 15 15 15 20 20 5 5 5 5 10 10 10 10 Average Carried 11 | 2 9 14 15 15 19 10 4 4 4 5 6 9 9 7 Final Capacity 20 | 8 15 15 15 15 20 5 5 5 5 5 10 10 10 5 Final Carried 20 | 5 15 15 15 15 20 5 5 5 5 5 10 10 10 5 Class Distribution -------------------- 39% | Mutant 18% | Scavenger-Mutant 12% | Hacker-Sprinter 9% | Hacker-Scout 7% | Sprinter 5% | Scout 5% | Hacker-Mutant Dominant Class ---------------- Mutant | -10/Materials Mutant | -10/Mines Mutant | -10/Exiles Scavenger-Mutant | -9/Mines Scavenger-Mutant | -8/Materials Scout | -7/Factory Scout | -7/Lower Caves Sprinter | -7/Lower Caves Sprinter | -7/Zion Hacker-Mutant | -6/Proximity Caves Hacker-Scout | -6/Factory Hacker-Sprinter | -6/Lower Caves Hacker-Sprinter | -6/Lower Caves Hacker-Sprinter | -5/Factory Resources | -11 -10 -10 -10 -9 -8 -7 -7 -7 -7 -6 -6 -6 -6 -5 ----------- Run | Jun Mat Min Exi Min Mat Fac Low Low Zio Pro Fac Low Low Fac Matter Collected 3506 | 215 348 326 . 72 1175 168 142 78 52 18 420 251 26 215 Remotely . | . . . . . . . . . . . . . . . Salvage Created 4424 | 73 331 321 . 43 1815 198 . 14 . . 1121 182 . 326 Parts 268 | 9 25 25 . 4 113 29 . 1 . 4 32 4 . 22 Haulers Intercepted 12 | . 2 . . . 5 1 . . . . 3 . . 1 Recyclers Shooed 6 | . . 2 . . 1 . . . . . 2 . . 1 Parts Field Recycled . | . . . . . . . . . . . . . . . Retrieved Matter . | . . . . . . . . . . . . . . . Parts Self-Destructed 12 | . . . . . . . 5 . . 5 . 2 . . Prevented 4 | . . . . . . . 2 . . 2 . . . . Kills | -11 -10 -10 -10 -9 -8 -7 -7 -7 -7 -6 -6 -6 -6 -5 ------- Run | Jun Mat Min Exi Min Mat Fac Low Low Zio Pro Fac Low Low Fac Combat Hostiles Destroyed 54 | . 7 6 . 3 30 . . . . 2 . 3 . 3 Melee 1 | . . . . . . . . . . . . . . 1 Guns 42 | . 7 6 . 3 26 . . . . . . . . . Cannons 2 | . . . . . . . . . . . . 2 . . AOE 9 | . . . . . 4 . . . . 2 . 1 . 2 Classes Destroyed 17 | 2 5 1 . . 5 1 . . . 1 . 1 . 1 Worker 10 | 1 1 2 . . 5 . . . . . . . . 1 Builder 8 | . 1 1 . . 2 2 . . . . 1 . . 1 Tunneler 5 | 2 . . . . . 2 . . . . . . . 1 Hauler 12 | . 2 . . . 5 1 . . . . 3 . . 1 Recycler 10 | . . 1 . . 2 . . . . . 6 . . 1 Operator 3 | . . . . . . 2 . . . . . 1 . . Drone 2 | . . . . . . . . . . 2 . . . . Watcher 7 | . 2 . . . 2 1 . . . . 1 . . 1 Swarmer 19 | . 6 2 . 3 7 . . . . . . . . 1 Grunt 20 | . 1 4 . . 13 . . . . . . 2 . . Brawler 1 | . . . . . . . . . . . . 1 . . Duelist 1 | . . . . . 1 . . . . . . . . . Sentry 5 | . . . . . 5 . . . . . . . . . Specialist 2 | . . . . . 2 . . . . . . . . . Hunter 1 | . . . . . 1 . . . . . . . . . Programmer 2 | . . . . . . . . . . . . . . 2 Heavy 1 | . . . . . 1 . . . . . . . . . Decomposer 1 | . . . . . . . . 1 . . . . . . Packrat 1 | . . . . . . . . . . . . 1 . . Best Kill Streak 5 | 2 3 3 . 3 5 1 . . . 2 2 3 . 3 Combat Bots Only 5 | . 3 3 . 3 5 . . . . 2 . 3 . 2 Max Kills in Single Turn 4 | 1 2 1 . 1 4 1 . 1 . 1 1 1 . 1 Gunslinging . | . . . . . . . . . . . . . . . Exploded 3 | . . . . . 3 . . . . 1 . 1 . 1 Melee 1 | . . . . . . . . . . . . . . 1 Uniques/NPCs Destroyed . | . . . . . . . . . . . . . . . Combat | -11 -10 -10 -10 -9 -8 -7 -7 -7 -7 -6 -6 -6 -6 -5 -------- Run | Jun Mat Min Exi Min Mat Fac Low Low Zio Pro Fac Low Low Fac Damage Taken 4363 | . 176 198 . 34 1863 . 26 . . 18 68 408 32 1540 Core 840 | . 38 10 . . 175 . 5 . . . . 97 . 515 Absorbed by Shields 223 | . . . . . 223 . . . . . . . . . Redirected to Shielding 46 | . . . . . . . . . . . . 36 10 . Regen/Repaired (Parts) 98 | . . . . . . . . . . . 98 . . . Core Remaining (%) 87 | 100 . . . 80 68 . . . . 99 . . 88 . Volleys Fired 298 | 6 30 21 3 4 143 . 2 34 . 21 7 17 1 9 Largest 2 | 2 2 2 2 2 2 . 1 1 . 1 1 1 1 1 Hottest 100 | 60 60 40 40 40 100 . 90 90 . 90 90 90 90 90 Shots Fired 470 | 12 60 42 6 8 251 . 2 34 . 21 7 17 1 9 Gun 373 | 12 60 42 6 8 245 . . . . . . . . . Cannon 79 | . . . . . . . 2 34 . 19 6 11 1 6 Launcher 15 | . . . . . 3 . . . . 2 1 6 . 3 Special 3 | . . . . . 3 . . . . . . . . . Kinetic 332 | 6 55 42 6 8 215 . . . . . . . . . Thermal 93 | 6 5 . . . 3 . 2 34 . 19 6 11 1 6 Explosive 15 | . . . . . 3 . . . . 2 1 6 . 3 Electromagnetic 30 | . . . . . 30 . . . . . . . . . Robot Hit Streak 17 | 3 6 8 . 3 17 . . . . . . 6 . 4 Robot Miss Streak 4 | 1 2 2 . 2 4 . . . . . . 2 . . Penetration Max . | . . . . . . . . . . . . . . . Secondary Targets 6 | . 2 . . 2 2 . . . . . . . . . Max Gunslinging Chain 1 | . 1 . . 1 1 . . . . . . . . . Shots Hit Robots 311 | 7 38 26 . 4 163 10 . 1 . . 26 15 . 21 Core Hits 164 | 3 17 10 . 3 86 8 . . . 3 12 10 . 12 Critical Kills 1 | . . . . . 1 . . . . . . . . . Critical Parts Destroyed 2 | . . . . . 2 . . . . . . . . . Critical Strikes 6 | . . . . . 3 1 . . . . 1 . . 1 Destroy 3 | . . . . . 3 . . . . . . . . . Sever 1 | . . . . . . 1 . . . . . . . . Impale 2 | . . . . . . . . . . . 1 . . 1 Melee Attacks 188 | . . . . . . 17 7 10 2 10 52 17 2 71 Impact . | . . . . . . . . . . . . . . . Slashing 57 | . . . . . . 17 7 10 2 5 11 5 . . Piercing 131 | . . . . . . . . . . 5 41 12 2 71 Sneak Attacks 36 | . . . . . . 8 . 1 . . 13 5 . 9 Combat Hostiles 1 | . . . . . . . . . . . . . . 1 Follow-up Attacks . | . . . . . . . . . . . . . . . Damage Inflicted 8591 | 84 489 410 . 56 2858 727 . 89 . 98 1268 1216 . 1296 Guns 3508 | 84 489 386 . 56 2493 . . . . . . . . . Cannons 193 | . . . . . . . . . . . . 193 . . Explosions 1386 | . . . . . 359 . . . . 98 . 665 . 264 Melee 3474 | . . . . . . 727 . 89 . . 1268 358 . 1032 Ramming 30 | . . 24 . . 6 . . . . . . . . . Kinetic 3034 | 41 468 386 . 56 2083 . . . . . . . . . Thermal 410 | 43 21 . . . 153 . . . . . . 193 . . Explosive 1233 | . . . . . 206 . . . . 98 . 665 . 264 Electromagnetic 410 | . . . . . 410 . . . . . . . . . Impact . | . . . . . . . . . . . . . . . Slashing 969 | . . . . . . 727 . 89 . . 75 78 . . Piercing 2505 | . . . . . . . . . . . 1193 280 . 1032 Highest Corruption 15 | . . . . . 15 . . . . . . . . 14 Average Corruption 6 | . . . . . 4 . . . . . . . . 7 Corruption Purged . | . . . . . . . . . . . . . . . Corruption Blocked . | . . . . . . . . . . . . . . . Effects 23 | . . . . . 2 . . . . . . . . 21 Message Errors 6 | . . . . . 2 . . . . . . . . 4 Heat Flow Errors 3 | . . . . . . . . . . . . . . 3 Parts Rejected 2 | . . . . . . . . . . . . . . 2 Data Loss (minor) 5 | . . . . . . . . . . . . . . 5 Alerts 2 | . . . . . . . . . . . . . . 2 Misdirections 5 | . . . . . . . . . . . . . . 5 Overload Shots . | . . . . . . . . . . . . . . . Overflow Damage 650 | . . . . . 13 30 . 83 . 8 179 97 . 240 Projectiles . | . . . . . . . . . . . . . . . Explosions 34 | . . . . . 13 . . . . 8 . 13 . . Melee 616 | . . . . . . 30 . 83 . . 179 84 . 240 Knockbacks 1 | . . 1 . . . . . . . . . . . . Impact 1 | . . 1 . . . . . . . . . . . . Kinetic . | . . . . . . . . . . . . . . . Secondary . | . . . . . . . . . . . . . . . Self-Inflicted Damage 51 | . . . . . 51 . . . . . . . . . Shots 1 | . . . . . 1 . . . . . . . . . Rammed 2 | . . 1 . . 1 . . . . . . . . . Targets Rammed 3 | . . 2 . . 1 . . . . . . . . . Kicked . | . . . . . . . . . . . . . . . Crushed 1 | . . 1 . . . . . . . . . . . . Highest Temperature 271 | . . 20 . . 170 . 52 247 . 231 50 238 34 271 Average Temperature 69 | . . 7 . . 37 . 22 98 . 75 24 95 19 85 Received Heat Transfer 1024 | . 24 117 . . 535 . . . . 9 . 207 . 132 Effects 1 | . . . . . . . . . . . . 1 . . Interference 1 | . . . . . . . . . . . . 1 . . Siege Activations . | . . . . . . . . . . . . . . . Robots Corrupted . | . . . . . . . . . . . . . . . Combat Hostiles . | . . . . . . . . . . . . . . . Parts Fried . | . . . . . . . . . . . . . . . Impact Corruptions . | . . . . . . . . . . . . . . . Robots Melted . | . . . . . . . . . . . . . . . Combat Hostiles . | . . . . . . . . . . . . . . . Parts Melted . | . . . . . . . . . . . . . . . Heat Transferred 600 | 100 50 . . . 150 . . . . . . 300 . . Parts Sabotaged . | . . . . . . . . . . . . . . . Parts Stolen . | . . . . . . . . . . . . . . . Parts Stripped . | . . . . . . . . . . . . . . . Power Chain Reactions 1 | . . . . . 1 . . . . . . . . . Missiles Intercepted . | . . . . . . . . . . . . . . . Alert | -11 -10 -10 -10 -9 -8 -7 -7 -7 -7 -6 -6 -6 -6 -5 ------- Run | Jun Mat Min Exi Min Mat Fac Low Low Zio Pro Fac Low Low Fac Peak Influence 668 | 15 173 231 . 78 481 276 . . . . 359 . . 668 Initial 189 | . 9 8 . . 29 189 . . . . 150 . . 107 Average 178 | 3 88 69 . 75 205 183 . . . . 204 . . 344 Maximum Alert Level 2 | . . 1 . . 2 1 . . . . 1 . . 2 Low Security (%) 64 | 100 100 81 . 100 57 64 . . . . 56 . . 23 Level 1 26 | . . 18 . . 29 35 . . . . 43 . . 36 Level 2 9 | . . . . . 13 . . . . . . . . 39 Level 3 . | . . . . . . . . . . . . . . . Level 4 . | . . . . . . . . . . . . . . . Level 5 . | . . . . . . . . . . . . . . . High Security . | . . . . . . . . . . . . . . . Max Security . | . . . . . . . . . . . . . . . Squads Dispatched 21 | . 2 . . . 6 2 . . . . 3 . . 8 Investigation 11 | . 1 . . . 3 1 . . . . 2 . . 4 Extermination 3 | . . . . . . . . . . . . . . 3 Reinforcement 6 | . 1 . . . 2 1 . . . . 1 . . 1 Assault 1 | . . . . . 1 . . . . . . . . . Garrison . | . . . . . . . . . . . . . . . Intercept . | . . . . . . . . . . . . . . . Searches Triggered 1 | . . . . . . . . . . . . . . 1 Construction Impeded 1 | . . . . . . . . . . . . . . 1 Haulers Reinforced 2 | . . . . . . 1 . . . . 1 . . . Active Scanning Responses . | . . . . . . . . . . . . . . . Cargo Convoy Interrupts . | . . . . . . . . . . . . . . . Stealth | -11 -10 -10 -10 -9 -8 -7 -7 -7 -7 -6 -6 -6 -6 -5 --------- Run | Jun Mat Min Exi Min Mat Fac Low Low Zio Pro Fac Low Low Fac Distress Signals 4 | . 2 . . . . . . . . . . . . 2 Communications Jammed 1 | . . . . . . . . . . . 1 . . . Distress Signals . | . . . . . . . . . . . . . . . Times Spotted 146 | . 14 9 . 4 49 3 3 2 . 6 4 3 1 48 Peak Tracking Total 9 | . 4 3 9 2 5 1 4 2 . 4 1 3 6 9 Tactical Retreats 17 | . . 1 . . 2 . 1 1 . . . . 1 11 Traps | -11 -10 -10 -10 -9 -8 -7 -7 -7 -7 -6 -6 -6 -6 -5 ------- Run | Jun Mat Min Exi Min Mat Fac Low Low Zio Pro Fac Low Low Fac Traps Triggered 5 | . 2 . . . 1 . . . . . 1 . . 1 Indirectly . | . . . . . . . . . . . . . . . Trap Hack Attempts . | . . . . . . . . . . . . . . . Triggered . | . . . . . . . . . . . . . . . Disarmed . | . . . . . . . . . . . . . . . Reprogrammed . | . . . . . . . . . . . . . . . Reused . | . . . . . . . . . . . . . . . Traps Extracted . | . . . . . . . . . . . . . . . Installed . | . . . . . . . . . . . . . . . Triggered 2 | . . . . . . . . . . 2 . . . . Machines | -11 -10 -10 -10 -9 -8 -7 -7 -7 -7 -6 -6 -6 -6 -5 ---------- Run | Jun Mat Min Exi Min Mat Fac Low Low Zio Pro Fac Low Low Fac Machines Disabled 12 | . . 2 2 . 3 . . . . . 2 . . 3 Max in Single Turn 2 | . . 1 1 . 1 . . . . . . . . 2 Garrison Access 3 | . . . . . . . . . . . 3 . . . Machines Repaired . | . . . . . . . . . . . . . . . Machines Sabotaged . | . . . . . . . . . . . . . . . Overloaded Fab Kills . | . . . . . . . . . . . . . . . Hacking | -11 -10 -10 -10 -9 -8 -7 -7 -7 -7 -6 -6 -6 -6 -5 --------- Run | Jun Mat Min Exi Min Mat Fac Low Low Zio Pro Fac Low Low Fac Machines Accessed 44 | . 5 . 2 1 3 9 1 . . . 15 1 . 7 Terminals 25 | . 4 . . 1 1 6 . . . . 7 . . 6 Fabricators 4 | . . . . . . 1 . . . . 2 . . 1 Repair Stations 2 | . . . . . . . . . . . 2 . . . Recycling Units 3 | . 1 . . . 1 1 . . . . . . . . Scanalyzers 3 | . . . . . 1 1 . . . . 1 . . . Garrison Access 3 | . . . . . . . . . . . 3 . . . Total Hacks 126 | . 12 . 5 4 9 26 1 . . . 45 1 . 23 Successful 74 | . 8 . 5 1 6 8 1 . . . 32 1 . 12 Failed 52 | . 4 . . 3 3 18 . . . . 13 . . 11 Catastrophic 11 | . . . . 1 1 5 . . . . 4 . . . Database Lockouts . | . . . . . . . . . . . . . . . Manual 53 | . 5 . 1 3 4 12 . . . . 17 . . 11 Terminals 76 | . 11 . . 4 3 17 . . . . 20 . . 21 Fabricators 14 | . . . . . . 4 . . . . 8 . . 2 Repair Stations 8 | . . . . . . . . . . . 8 . . . Recycling Units 5 | . 1 . . . 2 2 . . . . . . . . Scanalyzers 11 | . . . . . 4 3 . . . . 4 . . . Garrison Access 5 | . . . . . . . . . . . 5 . . . Terminal Hacks 30 | . 6 . 5 1 . 1 1 . . . 9 1 . 6 Record 4 | . . . 4 . . . . . . . . . . . Part Schematic 5 | . 1 . . . . 1 . . . . 3 . . . Robot Analysis 1 | . 1 . . . . . . . . . . . . . Prototype ID Bank 1 | . 1 . . . . . . . . . . . . . Open Door 2 | . . . . . . . 1 . . . . 1 . . Open DSF 1 | . . . . . . . . . . . 1 . . . Branch Access Points 3 | . 1 . . . . . . . . . 1 . . 1 Machine Index 1 | . . . . . . . . . . . . . . 1 Alert Level 1 | . . . . 1 . . . . . . . . . . Locate Traps 3 | . 1 . . . . . . . . . 1 . . 1 Recall Extermination 1 | . . . . . . . . . . . . . . 1 Registered Components 3 | . 1 . . . . . . . . . 1 . . 1 Zone Layout 3 | . . . . . . . . . . . 2 . . 1 EX-Prototype ID Bank 1 | . . . 1 . . . . . . . . . . . Fabricator Hacks 8 | . . . . . . 1 . . . . 5 . . 2 Network Status 2 | . . . . . . 1 . . . . 1 . . . Load Schematic 3 | . . . . . . . . . . . 2 . . 1 Build 3 | . . . . . . . . . . . 2 . . 1 Repair Station Hacks 6 | . . . . . . . . . . . 6 . . . Scan Component 3 | . . . . . . . . . . . 3 . . . Repair 3 | . . . . . . . . . . . 3 . . . Recycling Unit Hacks 2 | . . . . . 1 1 . . . . . . . . Retrieve Components 2 | . . . . . 1 1 . . . . . . . . Scanalyzer 8 | . . . . . 4 . . . . . 4 . . . Insert Component 4 | . . . . . 1 . . . . . 3 . . . Analyze 4 | . . . . . 3 . . . . . 1 . . . Garrison Access Hacks 3 | . . . . . . . . . . . 3 . . . Seal Access 3 | . . . . . . . . . . . 3 . . . Unauthorized Hacks 17 | . 2 . . . 1 5 . . . . 5 . . 4 Terminals 14 | . 1 . . . . 4 . . . . 5 . . 4 Track 3 | . 1 . . . . . . . . . 1 . . 1 Assimilate 4 | . . . . . . 2 . . . . 2 . . . Botnet 5 | . . . . . . 1 . . . . 2 . . 2 Operators 2 | . . . . . . 1 . . . . . . . 1 Fabricators . | . . . . . . . . . . . . . . . Repair Stations . | . . . . . . . . . . . . . . . Recycling Units 2 | . 1 . . . 1 . . . . . . . . . Tunnel 2 | . 1 . . . 1 . . . . . . . . . Scanalyzers 1 | . . . . . . 1 . . . . . . . . Extract 1 | . . . . . . 1 . . . . . . . . Garrison Access . | . . . . . . . . . . . . . . . Data Cores Recovered . | . . . . . . . . . . . . . . . Used . | . . . . . . . . . . . . . . . Hacking Detections 33 | . 4 . . 1 3 9 . . . . 9 . . 7 Full Trace Events 7 | . . . . . 1 . . . . . 2 . . 4 Feedback Events 2 | . . . . . . . . . . . . . . 2 Corruption 2 | . . . . . . . . . . . . . . 2 Feedback Blocked . | . . . . . . . . . . . . . . . Robot Schematics Acquired 4 | . . . . . . . . . 4 . . . . . Robots Built 4 | . . . . . . . . . . . 4 . . . Authchips . | . . . . . . . . . . . . . . . Time 280 | . . . . . . . . . . . 280 . . . Total Robot Build Rating 28 | . . . . . . . . . . . 28 . . . Part Schematics Acquired 25 | . 1 . . . 1 5 . . 14 . 4 . . . Parts Built 1 | . . . . . . . . . . . . . . 1 Authchips . | . . . . . . . . . . . . . . . Time 204 | . . . . . . . . . . . . . . 204 Total Part Build Rating 8 | . . . . . . . . . . . . . . 8 Parts Repaired 3 | . . . . . . . . . . . 3 . . . Time 233 | . . . . . . . . . . . 233 . . . Parts Recycled . | . . . . . . . . . . . . . . . Recycled Matter . | . . . . . . . . . . . . . . . Retrieved Matter . | . . . . . . . . . . . . . . . Retrieved Components 13 | . . . . . 3 10 . . . . . . . . Parts Scanalyzed 2 | . . . . . 1 . . . . . 1 . . . Part Schematics Acquired 2 | . . . . . 1 . . . . . 1 . . . Parts Damaged 1 | . . . . . . . . . . . 1 . . . Bothacking | -11 -10 -10 -10 -9 -8 -7 -7 -7 -7 -6 -6 -6 -6 -5 ------------ Run | Jun Mat Min Exi Min Mat Fac Low Low Zio Pro Fac Low Low Fac Used RIF Installer . | . . . . . . . . . . . . . . . Robots Hacked . | . . . . . . . . . . . . . . . Non-combat . | . . . . . . . . . . . . . . . Combat . | . . . . . . . . . . . . . . . Robot Hacks Applied . | . . . . . . . . . . . . . . . Relay Couplers Released . | . . . . . . . . . . . . . . . Fabnet Peak Effective % . | . . . . . . . . . . . . . . . Robots Rewired . | . . . . . . . . . . . . . . . Allies Hacked . | . . . . . . . . . . . . . . . Hacks Repelled . | . . . . . . . . . . . . . . . Allies | -11 -10 -10 -10 -9 -8 -7 -7 -7 -7 -6 -6 -6 -6 -5 -------- Run | Jun Mat Min Exi Min Mat Fac Low Low Zio Pro Fac Low Low Fac Total Allies 11 | . . 3 . . . 2 . . . . 6 . . . Largest Group 3 | . . 3 2 1 1 2 . . . . 2 1 . . Highest-Rated Group 112 | . . 40 32 16 16 36 . . . . 112 26 . . Highest-Rated Ally 56 | . . 16 16 16 16 26 . . . . 56 26 . . Total Orders 1 | . . . 1 . . . . . . . . . . . STAY 1 | . . . 1 . . . . . . . . . . . Ally Attacks 58 | . . 21 . 7 3 . . . . . 27 . . . Total Damage 1264 | . . 207 . 72 32 . . . . . 953 . . . Kills 12 | . . 2 . 1 . . . . . . 9 . . . Allies Corrupted 1 | . . . . . . . . . . . . 1 . . Allies Melted . | . . . . . . . . . . . . . . . Intel | -11 -10 -10 -10 -9 -8 -7 -7 -7 -7 -6 -6 -6 -6 -5 ------- Run | Jun Mat Min Exi Min Mat Fac Low Low Zio Pro Fac Low Low Fac Robot Analysis Total 1 | . 1 . . . . . . . . . . . . . Derelict Logs Recovered 8 | . . 1 . 2 . . 3 2 . . . . . . Drone Launches . | . . . . . . . . . . . . . . . Drone Recoveries . | . . . . . . . . . . . . . . . Exploration | -11 -10 -10 -10 -9 -8 -7 -7 -7 -7 -6 -6 -6 -6 -5 ------------- Run | Jun Mat Min Exi Min Mat Fac Low Low Zio Pro Fac Low Low Fac Turns Passed 9091 | 110 833 941 802 177 2038 513 283 457 395 466 914 295 86 781 Spaces Moved 10916 | 54 473 534 496 101 834 855 734 672 1214 613 1828 625 205 1678 Core 15 | 12 . . . . 3 . . . . . . . . . Treads 2414 | . 353 534 496 101 831 99 . . . . . . . . Legs 162 | 42 120 . . . . . . . . . . . . . Wheels 1 | . . . . . . . . . . . . . . 1 Hover . | . . . . . . . . . . . . . . . Flight 8324 | . . . . . . 756 734 672 1214 613 1828 625 205 1677 Fastest Speed 23 | 50 120 160 160 160 160 29 26 29 29 35 31 31 31 23 Average Speed 61 | 137 150 160 160 160 176 45 29 30 30 35 31 31 31 26 Slowest Speed 250 | 250 190 160 160 160 250 163 95 95 35 108 102 102 102 80 Overloaded Moves 19 | . . . . . . . 19 . . . . . . . Propulsion Burnouts . | . . . . . . . . . . . . . . . Robots Hopped 4 | . . . . . . . . . . . . . 2 2 Cave-ins Triggered . | . . . . . . . . . . . . . . . Exploration Rate (%) 54 | 4 84 74 88 27 46 21 85 79 85 70 30 65 30 32 Regions Visited 14 Branch Regions 9 Pre-discovered Areas 5 | . 1 1 1 . 1 . 1 . . . . . . . Known Exits Taken 9 | . 1 . . . . 1 1 1 1 1 1 1 1 . Unknown Exits Taken 5 | 1 . 1 1 1 1 . . . . . . . . . Scrap Searched 14 | . . 2 . . . . 2 2 3 2 . 2 1 . Spaces Dug 149 | . . . . . 1 6 7 15 . 33 37 7 2 41 Terrain Destroyed 331 | . . . . . 25 6 9 40 . 59 42 74 3 73 Melee 96 | . . . . . . 6 7 6 . 9 18 7 2 41 Projectile 76 | . . . . . 3 . 2 34 . 19 6 5 1 6 AOE 159 | . . . . . 22 . . . . 31 18 62 . 26 Terrain Rammed . | . . . . . . . . . . . . . . . Walls Destroyed . | . . . . . . . . . . . . . . . Machines Disabled . | . . . . . . . . . . . . . . . Actions | -11 -10 -10 -10 -9 -8 -7 -7 -7 -7 -6 -6 -6 -6 -5 --------- Run | Jun Mat Min Exi Min Mat Fac Low Low Zio Pro Fac Low Low Fac Total 12598 | 74 535 581 500 110 1162 965 783 880 1238 823 2111 689 220 1927 Wait 773 | 3 3 12 . . 73 24 25 151 7 167 172 7 11 118 Move 10895 | 53 472 533 495 100 833 854 733 671 1213 612 1827 624 201 1674 Hop 3 | . . . . . . . . . . . . . 1 2 Pick Up 73 | 5 13 2 1 . 18 11 1 . . . 12 2 . 8 Fast Attach 75 | 7 5 1 . . 26 5 4 . 6 . 11 3 . 7 Attach 44 | . 2 . . . 8 10 1 6 . . 2 7 1 7 Detach 25 | . . . . . 2 3 1 6 2 . 1 5 1 4 Swap 97 | . 4 4 . 3 23 9 4 1 2 14 16 3 2 12 Drop 130 | . 6 6 1 3 35 32 5 1 6 . 16 4 . 15 Fire 298 | 6 30 21 3 4 143 . 2 34 . 21 7 17 1 9 Melee 182 | . . . . . . 17 7 10 2 9 47 17 2 71 Ram . | . . . . . . . . . . . . . . . Kick . | . . . . . . . . . . . . . . . Crush 3 | . . 2 . . 1 . . . . . . . . . Escape Stasis . | . . . . . . . . . . . . . . . Rewire . | . . . . . . . . . . . . . . . Trap . | . . . . . . . . . . . . . . . Miscellaneous . | . . . . . . . . . . . . . . . Route ------- -11/Junkyard -10/Materials (discovered 4 exits: [*Mat x2] / *Min x2) -10/Mines (discovered 3 exits: [*Mat x2] / *Exi) -10/Exiles (discovered 2 exits: *Min x2) -9/Mines -8/Materials (discovered 2 exits: *Fac / [*Sto]) -7/Factory (discovered 3 exits: *Fac x2 / *Low) -7/Lower Caves -7/Lower Caves (discovered 2 exits: *Fac / *Zio) -7/Zion -6/Proximity Caves -6/Factory (discovered 4 exits: *Fac x2 / *Low x2) -6/Lower Caves -6/Lower Caves -5/Factory (discovered 5 exits: *Fac / Upp x2 / Ext x2) History --------- Turn | Location | Event 36 | -11/Junkyard | Discovered new exit (range 16) 111 | -11/Junkyard | Entered Materials 225 | -10/Materials | Discovered new exit (range 15) 264 | -10/Materials | Discovered new exit (range 12) 314 | -10/Materials | Build established: Mutant 421 | -10/Materials | Identified exit to Mines 453 | -10/Materials | Discovered new exit (range 16) 752 | -10/Materials | Discovered new exit (range 15) 944 | -10/Materials | Entered Mines 1020 | -10/Mines | Deemed a non-threat by the Exiles lab entrance 1145 | -10/Mines | Joined a pair of Derelicts in attacking an 0b10 outpost 1368 | -10/Mines | Assisted by bots powering up and referring to "LRC-V3" 1495 | -10/Mines | Discovered new exit (range 7) 1675 | -10/Mines | Found a damaged Exp. Sensor Array with a note attached 1679 | -10/Mines | Found Prototype Device 1705 | -10/Mines | Discovered new exit (range 5) 1865 | -10/Mines | Discovered new exit (range 5) 1885 | -10/Mines | Entered Exiles 1885 | -10/Exiles | Accompanied by 2 allies 1913 | -10/Exiles | Discovered new exit (range 15) 1932 | -10/Exiles | Met 8R-AWN 1954 | -10/Exiles | Met EX-HEX 2018 | -10/Exiles | Met EX-DEC 2031 | -10/Exiles | Learned location of Zion (-7) 2094 | -10/Exiles | Visited The Gauntlet 2308 | -10/Exiles | Met EX-BIN 2380 | -10/Exiles | Aligned with FarCom system 2382 | -10/Exiles | Given EX-Vault access code 2419 | -10/Exiles | Opened EX-Vault 2454 | -10/Exiles | Warned to stay clear of 0b10 Research branches 2582 | -10/Exiles | Discovered new exit (range 10) 2650 | -10/Exiles | Attacked by the Exiles 2687 | -10/Exiles | Entered Mines 2687 | -9/Mines | Accompanied by 2 allies 2790 | -9/Mines | Learned Materials stockpile data 2821 | -9/Mines | Learned Materials garrison access intel 2830 | -9/Mines | Discovered new exit (range 10) 2864 | -9/Mines | Entered Materials 2864 | -8/Materials | Accompanied by 1 ally 2864 | -8/Materials | Evolved 4 slots: Propulsion x1, Utility x3 2866 | -8/Materials | Loaded intel: 1 garrison access location 2991 | -8/Materials | Build established: Scavenger-Mutant 3682 | -8/Materials | Build established: Mutant 3777 | -8/Materials | Found Powered Armor 3781 | -8/Materials | Found Powered Armor 3785 | -8/Materials | Found Powered Armor 3865 | -8/Materials | Identified Exp. Sensor Array 3983 | -8/Materials | Discovered new exit (range 8) 4229 | -8/Materials | Build established: Scavenger-Mutant 4488 | -8/Materials | Discovered new exit (range 13) 4534 | -8/Materials | Lost 3 parts (1p1u1w) 4590 | -8/Materials | Lost 5 parts (1p3n1u) 4819 | -8/Materials | System corruption reached 10% 4864 | -8/Materials | First assault squad dispatched 4902 | -8/Materials | Entered Factory 4902 | -7/Factory | Evolved 2 slots: Utility x2 5164 | -7/Factory | Discovered new exit (range 5) 5166 | -7/Factory | Identified exit to Lower Caves 5303 | -7/Factory | Discovered new exit (range 3) 5304 | -7/Factory | Identified exit to Factory 5330 | -7/Factory | Discovered exit to Factory (range 12) 5366 | -7/Factory | Build established: Scout 5415 | -7/Factory | Entered Lower Caves 5474 | -7/Lower Caves | Learned 8 Factory zone layouts 5499 | -7/Lower Caves | Encountered a Warlord checkpoint 5523 | -7/Lower Caves | Acquired the password to a Derelict Tinkerer's latest research 5528 | -7/Lower Caves | Learned Factory security intel 5674 | -7/Lower Caves | Discovered new exit (range 12) 5686 | -7/Lower Caves | Identified exit to Lower Caves 5698 | -7/Lower Caves | Entered another Lower Caves area 5705 | -7/Lower Caves | Learned Factory emergency access door positions 5705 | -7/Lower Caves | Discovered exit to Factory (range 9) 5731 | -7/Lower Caves | Learned Factory stockpile data 6004 | -7/Lower Caves | Encountered a Warlord checkpoint 6150 | -7/Lower Caves | Discovered new exit (range 12) 6154 | -7/Lower Caves | Identified exit to Zion 6155 | -7/Lower Caves | Entered Zion 6176 | -7/Zion | Discovered new exit (range 7) 6245 | -7/Zion | Identified exit to Proximity Caves 6272 | -7/Zion | Received a visual enhancement algorithm 6422 | -7/Zion | Build established: Sprinter 6492 | -7/Zion | Found Prototype Device 6492 | -7/Zion | Identified Mobile Refinery Mk. CCLXVII 6550 | -7/Zion | Entered Proximity Caves 6553 | -6/Proximity Caves | Spotter reported a threat 6637 | -6/Proximity Caves | Spotted B-75 Beast 6808 | -6/Proximity Caves | Discovered exit to Factory (range 15) 6841 | -6/Proximity Caves | Build established: Hacker-Mutant 7016 | -6/Proximity Caves | Entered Factory 7016 | -6/Factory | Evolved 2 slots: Propulsion x1, Utility x1 7017 | -6/Factory | Identified exit to Factory 7243 | -6/Factory | Fabricated H-77 Assassin? 7353 | -6/Factory | Repaired Exp. Sensor Array? 7374 | -6/Factory | Fabricated H-77 Assassin? 7459 | -6/Factory | Repaired Broken Cld. Cesium-ion Thruster? 7566 | -6/Factory | Discovered exit to Factory (range 5) 7576 | -6/Factory | Identified exit to Lower Caves 7848 | -6/Factory | Repaired Hvy. Plasma Cannon 7930 | -6/Factory | Entered Lower Caves 7930 | -6/Lower Caves | Accompanied by 2 allies 8047 | -6/Lower Caves | Encountered a Warlord checkpoint 8048 | -6/Lower Caves | P-60 Hacker assimilated allied YX-JZU(l) 8050 | -6/Lower Caves | P-60 Hacker assimilated allied NM-SLO(l) 8150 | -6/Lower Caves | Discovered new exit (range 6) 8153 | -6/Lower Caves | Identified exit to Lower Caves 8225 | -6/Lower Caves | Entered another Lower Caves area 8231 | -6/Lower Caves | Build established: Hacker-Sprinter 8301 | -6/Lower Caves | Discovered exit to Factory (range 13) 8311 | -6/Lower Caves | Entered Factory 8311 | -5/Factory | Evolved 2 slots: Propulsion x1, Utility x1 8438 | -5/Factory | Discovered new exit (range 14) 8465 | -5/Factory | Identified exit to Factory 8471 | -5/Factory | Identified exit to Upper Caves 8471 | -5/Factory | Identified exit to Extension 8711 | -5/Factory | System corruption reached 10% 8854 | -5/Factory | Fabricated Exp. Sensor Array (x1) 8911 | -5/Factory | Search patrols dispatched 9032 | -5/Factory | Spotted B-75 Beast 9092 | -5/Factory | Self-destructed Last Messages --------------- 09070_ U-05 Engineer lays Concrete. 09071_ System corrupted: Mak. Spear rejected. 09071_ Acquired Mak. Spear. 09071_ U-05 Engineer builds a Wall. 09073_ U-05 Engineer Lgt. Ion Engine blasted off. 09073_ U-05 Engineer destroyed. 09074_ Acquired 14 matter. 09077_ The unstable cave ceiling collapses. 09079_ Hvy. Rocket Launcher destroyed. 09082_ Exp. Sensor Array destroyed. 09082_ Knocked back. 09082_ Mak. Hacking Suite destroyed. 09085_ Acquired Wheel. 09087_ System corrupted: Cld. VTOL Module rejected. 09089_ Acquired Cld. VTOL Module. 09090_ Sml. Storage Unit destroyed. 09090_ Critical hit (Burn: +37). 09092_ Adv. Terrain Scanner destroyed. 09092_ Cld. Cesium-ion Thruster destroyed. 09092_ Knocked back. Map ----- +----------------------------------------------------+ | ????????????????#?????? ? ?? ?? ???? ?##?????????? | | ?????????????????#?#??"?? ???#??????##?#???#?????? | | ????????????##???#????F?? ?#?????#???##?#?#?#????? | | ???????????????????# "??? ???????#???###????#????? | | ???????????????#??#??"???????#???###??############ | | ??????????#??##???#?????????????#?#???# | | ?????????????#??#???????#??##?????????# ! ! | | ???????????????#?????????????#??#??#?##! | | ???????#?#???#???#?##?#?##???#??#????## | | ?????????#??????#??????#???#?##???#???# """" """" | | ???????????#???????#??????#?##??##???## """" """" | | ??????????#??????#?#?????#???????##?#?# """" """" | | ????????????????#?????############????# """" """" | | ????????????#??#??#?????#"##"##;####### """" """" | | ??????????#???????????##?# % ] + """" """" | | ???????#???#????#????###?# %# | | ????????#?#???##???#????## g # | | ???????##?#####??#?#???## gg ############ | | ????????????????#?????## #????????# | | ????????????????##?????# g #????????? | | ????????????#????#?????# ##?#?#???#? | | ?????????#?????????????# #????????? | | ????????##????????????## = w #?#??##??? | | ?????????#?#??#???????## % ###??##?#?# | | ??????????#??#??#??????###!! BB #?#?????#?? | | ?##??????????????????#?#%@*! BB ##?#?##????? | | ??????????#??#?#?????#?#########+# ####?##?#??? | | ????#????#???#??????#??# ##?#??? | | ??????##?????#?###?#??## #?????? | | ?######??#???#???###???# !! #?????? | | ###??###???############# !! #???? | | ??#?#?????? # !! ! #???? | | ???#????#?#? # """""" ##????? | | #????#????# """" """" # """""" #?????? | | ???#????#?# """" """" + """""" #?????? | | ?##??#????# """" """" # ""T"" """"???????????? | | #?###???### """" """" / """"" ??????????? | | ???????#??# # ?????????? | | ????#???#?# """" """" # ????????? | | ###?????#?# """" """" #+##+########## ???????? | | #######???# """" """" # ?????? ?????? ???????? | | #???# """" """" #???????????????? ????????? | | """"" ##?## # ??? ????????????????????? | | """"" #???#+#####"######????? ?? ???????????????? | | """ ##??# #?## ##??????? ?? ???????????????????? | | ##??# ###""#######?????????????????????????? | | "#??# ##* !! #???? ?? ?????????????????? | | ######"#### ## !! #????? ???????????????????? | | # !* """ #?? ??????????????????????? | | ^/ """ # ??????? ????????????????? | +----------------------------------------------------+ Best States ------------- Heat Dissipation 40 Energy Generation 15 Energy Capacity 250 Matter Stores 450 Matter Capacity 450 Sight Range 18 Robot Scan Range 20 Terrain Scan Range 20 Terrain Scan Density 110 ECM Strength 2 Jamming Range 14 Additional Mass Support 6 Armor Coverage 625 Propulsion Shielding 66 Weapon Cycling 15 Evasion (%) 65 Targeting Accuracy 8 Melee Accuracy 6 Target Analysis 6 Recoil Reduction 3 Offensive Hacking 22 Defensive Hacking 20 Item Schematics ----------------- Med. Storage Unit | -10/Materials | Hacked Exp. Sensor Array | -8/Materials | Scanalyzed Adv. Terrain Scan Processor | -7/Factory | Hacked Imp. Carbon-fiber Leg | -7/Factory | Extracted Arm. Wheel | -7/Factory | Extracted Recalibrator | -7/Factory | Extracted Med. Matter Pod | -7/Factory | Extracted Hvy. Plasma Cannon | -7/Zion | Archive Shock Absorption System | -7/Zion | Archive Proton Cannon | -7/Zion | Archive Flak Gun | -7/Zion | Archive Focal Shield | -7/Zion | Archive Mak. Trap Scanner | -7/Zion | Archive Adv. Field Recycling Unit | -7/Zion | Archive Weapon Cycler | -7/Zion | Archive Hpw. Shock Rifle | -7/Zion | Archive Slug Cannon | -7/Zion | Archive Adv. Heat Sink | -7/Zion | Archive Gauss Cannon | -7/Zion | Archive Force Field | -7/Zion | Archive Power Maul | -7/Zion | Archive Cld. Cesium-ion Thruster | -6/Factory | Scanalyzed Adv. Terrain Scanner | -6/Factory | Hacked Adv. Signal Interpreter | -6/Factory | Hacked Lrn. Terrain Scanner | -6/Factory | Hacked Robot Schematics ------------------ M-14 Sweeper | -7/Zion | Archive K-01 Serf | -7/Zion | Archive Y-45 Defender | -7/Zion | Archive H-77 Assassin | -7/Zion | Archive Fabricated ------------ H-77 Assassin | x2 | -6/Factory H-77 Assassin | x2 | -6/Factory Exp. Sensor Array | x1 | -5/Factory Alien Tech Used ----------------- None Achievements -------------- None Challenges ------------ None Game ------ Seed SupercompositeLobotomyAxe Manual? 0 Play Time 01:41:00 Cumulative 624.9 hours Start 2023.03.12 @ 13:56:07 End 2023.03.12 @ 15:38:23 Sessions 1 Manual Loads 0 Difficulty Rogue Special Mode None Game No. 392 Rogue 392 Adventurer 0 Explorer 0 Win Type - Total 8 Types 5/0/1/1/1/0/0/0/0 Lore% 86 Gallery% 89 Achievement% 74 Wizard Run 0 Options --------- ASCII 0 Keyboard 0 Movement Mouse Keybinds 1 Fullscreen 2 Font 24/Smallcaps Map View 68x50 Tactical HUD 1 Map Filters NONE Filters NONE Steam 1 RUN: c967cbb6-dca2-4691-934a-56890b10da3d